 Dungeon Crawl Stone Soup version 0.30.1-9-gdf580d7c3d (webtiles) character file.

Game seed: 12991407428242078110

83 Ivernyr the Shield-Bearer (level 4, 37/37 HPs)
             Began as a Formicid Fighter on Oct 15, 2023.
             Got out of the dungeon alive.
             The game lasted 00:04:01 (1625 turns).

Ivernyr the Shield-Bearer (Formicid Fighter)        Turns: 1625, Time: 00:04:02

Health: 37/37      AC:  7    Str: 28    XL:     4   Next: 71%
Magic:  4/4        EV:  9    Int:  8    God:
Gold:   196        SH:  5    Dex: 13    Spells: 3/3 levels left

rFire   . . .        a - +0 quarterstaff
rCold   . . .        c - +0 buckler
rNeg    . . .        b - +0 scale mail
rPois   .            (helmet unavailable)
rElec   .            (no cloak)
rCorr   .            (no gloves)
SInv    +            (no boots)
Will    .....        g - amulet of regeneration Stlth
                     i - +6 ring of strength
HPRegen 1.06/turn    (no ring)
MPRegen 0.09/turn

%: no passive effects
@: no status effects
A: permanent stasis, dig shafts and tunnels, antennae 3, four strong arms
a: Dig, Shaft Self


You escaped.
You visited 1 branch of the dungeon, and saw 2 of its levels.

You collected 196 gold pieces.

Inventory:

Hand Weapons
 a - a +0 quarterstaff (weapon)
Armour
 b - a +0 scale mail (worn)
 c - a +0 buckler (worn)
Jewellery
 g - an amulet of regeneration (around neck)
 i - a +6 ring of strength (left hand)
Scrolls
 e - 2 scrolls of teleportation {unknown}
 f - 2 scrolls of identify {unknown}
 j - a scroll of brand weapon {unknown}
 k - a scroll of fear {unknown}
Potions
 d - a potion of might
 h - a potion of attraction {unknown}


   Skills:
 + Level 3.8 Fighting
 * Level 3.2 Staves
 + Level 3.8 Armour
 + Level 4.7 Shields


You had 3 spell levels left.
You didn't know any spells.
Your spell library contained the following spells:

 Spells                   Type           Power      Damage    Failure   Level
 Apportation              Tloc           0%         N/A       73%         1
 Necrotise                Necr           0%         1d4       73%         1
 Summon Small Mammal      Summ           0%         N/A       73%         1


Dungeon Overview and Level Annotations

Branches:
Dungeon (2/15)

Altars:


Innate Abilities, Weirdness & Mutations

You cannot be hasted, slowed, berserked, paralysed or teleported.
You can dig through walls and to a lower floor.
You have a pair of large antennae on your head. (SInv)
Your four strong arms can wield two-handed weapons with a shield.


Message History

You sense a monster nearby.
A dart slug comes into view.
The dart slug launches a dart at you. The slug dart misses you.
The dart slug launches a dart at you.
The slug dart hits you but does no damage.
The dart slug bites you.
You hit the dart slug.
The dart slug is heavily wounded.
The dart slug bites you but does no damage.
You hit the dart slug.
The dart slug is severely wounded.
You thump the dart slug!
You kill the dart slug!
You see here a dart slug corpse.
You see here a dart slug corpse.
As you open the door, it creaks loudly!
A quokka comes into view.
The quokka bites you.
There is an open door here.
You thump the quokka!
You kill the quokka!
There is an open door here.
There is a stone staircase leading down here.
Found a stone staircase leading up.
Done exploring.
Welcome back, Ivernyr the Formicid Fighter.
Press ? for a list of commands and other information.
(D) Dungeon
Where to? (? - help)
What level of the Dungeon? (default 1, ? - help)
There is a stone staircase leading up, spattered with blood here.
You climb upwards.
There is a stone staircase leading down here.
You enter the shallow water.
Moving in this stuff is going to be slow.
There is a large open door here.
There is a staircase leading out of the dungeon here.
Are you sure you want to leave the Dungeon?
This will make you lose the game!
You have escaped!

#......##.....#
>......##.....#
##.....##.############
#.....##..~~~§≈§≈~~~#
########..~8~~≈≈~~8~#
###### #..~~8~~~~8~~#
.....# #..§~~####~~≈#
####.# #..§≈~'..#§§≈#
.###.# #..≈≈~'.@#§§≈#
..##.# #..≈~~####§§§#
...#.# #..~~8~~~~8~~#
####.# ###~8~~§≈~~8~#
.....# #~~~≈≈≈≈~~~#
###### ############


There were no monsters in sight!

Vanquished Creatures
  3 adders (D:2)
  2 worms (D:2)
  2 dart slugs
  8 ball pythons
  4 endoplasms
  3 giant cockroaches
  5 goblins
  4 hobgoblins
  5 kobolds
  2 quokkas (D:2)
  A bat (D:1)
  3 frilled lizards (D:2)
  3 rats
45 creatures vanquished.

Notes
Turn   | Place    | Note
-------+----------+-------------------------------------------
     0 | D:1      | Ivernyr the Formicid Fighter began the quest for the Orb.
     0 | D:1      | Reached XP level 1. HP: 18/18 MP: 1/1
   217 | D:1      | Reached XP level 2. HP: 19/24 MP: 2/2
   529 | D:1      | Reached XP level 3. HP: 27/29 MP: 3/3
   940 | D:2      | Reached XP level 4. HP: 37/37 MP: 4/4
  1625 | D:$      | Got out of the dungeon alive.

Illustrated notes

Levels and vault maps discovered:
D:1:      lightli_arrival_boilingwater, layout_basic
D:2:      minmay_chambers_of_twos, layout_basic

Skill      XL: |  1  2  3 |
---------------+----------+-----
Staves         | 3 |  3.2
Fighting       | |  3.8
Armour         | |  3.8
Shields        | |  4.7

Action                     |  1- 3 |  4- 6 || total
---------------------------+-------+-------++-------
  Melee: Quarterstaff      |    92 |    46 ||   138
 Armour: Scale mail        |    32 |    19 ||    51
  Dodge: Dodged            |    52 |    26 ||    78
  Block: Buckler           |    16 |     4 ||    20
